 Dungeon Crawl Stone Soup version 0.28-a0-723-g095bd1b44f (webtiles) character file.

Game seed: 13262796800546628228

0 spiderkeys the Ducker (level 1, -3/13 HPs)
             Began as a Deep Elf Abyssal Knight on Oct 25, 2021.
             Was a Follower of Lugonu.
             Slain by a large abomination (16 damage)
             ... on level 3 of the Abyss.
             The game lasted 00:01:03 (348 turns).

spiderkeys the Ducker (Deep Elf Abyssal Knight)      Turns: 348, Time: 00:01:03

Health: -3/13      AC:  3    Str: 10      XL:     1   Next: 0%
Magic:  4/4        EV: 12    Int: 13 (14) God:    Lugonu [*.....]
Gold:   69         SH:  0    Dex: 15      Spells: 0/0 levels left

rFire   . . .      SeeInvis .   a - +1 falchion
rCold   . . .      Faith    .   (no shield)
rNeg    + . .      Spirit   .   e - +0 leather armour {rN+}
rPois   .          Reflect  .   (no helmet)
rElec   .          Harm     .   (no cloak)
rCorr   .          Rampage  .   (no gloves)
Will    .....                   (no boots)
Stlth   +.........              (no amulet)
HPRegen 0.04/turn               (no ring)
MPRegen 0.09/turn               (no ring)

@: hasted, very quick
A: no striking features
a: Renounce Religion, Depart the Abyss


You were on level 3 of the Abyss.
You worshipped Lugonu.
Lugonu was aware of your devotion.
You visited 0 branches of the dungeon, and saw 0 of its levels.
You visited the Abyss 1 time.

You collected 69 gold pieces.


   Skills:
 + Level 2.4 Fighting
 + Level 1.7 Long Blades
 + Level 0.7 Armour
 + Level 2.4 Dodging
 + Level 2.0 Invocations


You couldn't memorise any spells.
You didn't know any spells.
Your spell library was empty.

Inventory:

Hand Weapons
 a - a +1 falchion (weapon)
Armour
 b - a +0 leather armour
 e - a +0 leather armour of positive energy (worn)
   (You found it on level 3 of the Abyss)
Wands
 d - a wand of mindburst (10)
   (You found it on level 2 of the Abyss)

Dungeon Overview and Level Annotations

Branches:
Dungeon (0/15)

Altars:

# b #.
#.######
#..#...##
#.. #X.# #
#. .##.##@#
# ##
#X.#### #
##.###.##
#. # # ...#
. #.# # ###
####.#..#.#
.##.#.##.
## .# #..##
### #
#.#...##.#


You could see a large abomination.


Message History

🤖 Initializing magus.rc ... ✅ Successfully initialized magus.rc [v1.9.10] Welcome, spiderkeys the Deep Elf Abyssal Knight.
Will you be the one to retrieve the glorious Orb of Zot from the depths?
Lugonu says: Depart the Abyss and spread corruption, my servant! (use the ability menu to exit the Abyss) Press ? for a list of commands and other information.
Found a corrupted altar of Lugonu.
Found a gateway leading out of the Abyss.
A glowing orange brain comes into view.
The glowing orange brain turns its attention towards you.
A small abomination comes into view.
The glowing orange brain pulsates.
Something tries to feed on your intellect!
The glowing orange brain pulsates.
Something tries to feed on your intellect!
The glowing orange brain pulsates ominously.
You see here a +0 spear.
The glowing orange brain blinks!
The glowing orange brain pulsates.
You feel dopey. Something feeds on your intellect!
You slash the glowing orange brain! You hit the glowing orange brain.
You hit the glowing orange brain but do no damage.
The glowing orange brain blinks!
The glowing orange brain pulsates ominously.
The glowing orange brain pulsates.
The glowing orange brain pulsates.
A small abomination comes into view.
Found a gateway leading deeper into the Abyss.
There is a gateway leading deeper into the Abyss here.
You plunge deeper into the Abyss.
Found a gateway leading deeper into the Abyss.
Found a sapphire potion.
Found a corrupted altar of Lugonu.
c - a sapphire potion You now have 12 gold pieces.
You now have 69 gold pieces (gained 57).
Found a gateway leading deeper into the Abyss.
d - a wand of mindburst (10)
There is a gateway leading deeper into the Abyss here.
A spatial vortex comes into view.
There is a gateway leading deeper into the Abyss here.
You plunge deeper into the Abyss.
The abyssal rune of Zot can be found at this depth.
Found a crooked copper wand and a glowing leather armour.
Found a corrupted altar of Lugonu.
Found a gateway leading out of the Abyss.
e - a +0 leather armour of positive energy You start removing your armour.
You continue taking off your +0 leather armour. x4
You finish taking off your +0 leather armour.
You start putting on your armour.
You continue putting on your +0 leather armour of positive energy. x5
You finish putting on your +0 leather armour of positive energy.
You feel more protected from negative energy.
There is a gateway leading out of the Abyss here.
A raiju comes into view. 3 raiju come into view.
The raiju barks! x2
The raiju bursts into living lightning!
The living lightning hits the raiju.
The raiju completely resists.
The living lightning misses you.
The raiju blinks! x3
You are suddenly pulled into a different region of the Abyss!
Unknown command.
You hear a shout!
You hear a shout!
You hear a roar!
You hear a roar!
You hear a deafening roar!
You hear a shout!
You hear a deafening roar!
A large abomination comes into view.
You hear an angry hiss.
You hear an angry hiss.
You hear a shout!
You hear a howl!
You hear a shout!
A fire bat comes into view. x2
You hear a shout!
You hear a deafening roar!
You aren't carrying any scrolls.
Unknown command.
Unknown command.
It was a potion of haste.
You feel yourself speed up.
You hit the large abomination.
You hear an angry buzzing noise.
The large abomination closely misses you.
You hit the large abomination. The large abomination hits you!
Ouch! That really hurt!
You die...

Action                   || total
-------------------------++-------
Melee: Falchion          ||     5
  Use: Potion            ||     1
Dodge: Dodged            ||     2

Levels and vault maps discovered:
Abyss:3:  base: Temple, evilmike_abyss_exit_15,
          due_evilmike_abyss_rune_seething_liches

Notes
Turn   | Place    | Note
-------+----------+-------------------------------------------
     0 | Abyss:1  | spiderkeys the Deep Elf Abyssal Knight began the quest for
                  | the Orb.
     0 | Abyss:1  | Reached XP level 1. HP: 13/13 MP: 4/4
     0 | Abyss:1  | magus.rc [v1.9.10]
    92 | Abyss:1  | Noticed a glowing orange brain
   139 | Abyss:1  | Noticed a bone dragon
   139 | Abyss:1  | Noticed an orange demon
   153 | Abyss:1  | Noticed a small abomination
   162 | Abyss:2  | Found a corrupted altar of Lugonu.
   202 | Abyss:2  | Noticed a spatial vortex
   208 | Abyss:3  | Found a corrupted altar of Lugonu.
   234 | Abyss:3  | Noticed a raiju
   240 | Abyss:3  | Noticed a raiju
   240 | Abyss:3  | Noticed a raiju
   240 | Abyss:3  | Noticed a raiju
   240 | Abyss:3  | Noticed a raiju
   331 | Abyss:3  | Noticed a large abomination
   340 | Abyss:3  | Noticed a fire bat
   340 | Abyss:3  | Noticed a fire bat
   348 | Abyss:3  | Slain by a large abomination

Vanquished Creatures (others)
  A chaos spawn (Abyss:3)
1 creature vanquished.

Table legend:
 A = Non-vault XP
 B = Vault XP
 C = Vault XP percentage of total XP
 D = Non-vault monster count
 E = Vault monster count
 F = Vault count percentage of total count
                 A         B        C        D         E       F
            +---------+---------+-------+---------+---------+-------
      Total |       0 |       0 |   N/A |       0 |       0 |  -nan
            +---------+---------+-------+---------+---------+-------
            +---------+---------+-------+---------+---------+-------

Illustrated notes

Table legend: (Time is in decaauts)
 A = Elapsed time spent in this place.
 B = Non-inter-level travel time spent in this place.
 C = Inter-level travel time spent in this place.
 D = Time resting spent in this place.
 E = Time spent auto-exploring this place.
 F = Levels seen in this place.
 G = Mean time per level.
                   A        B        C        D        E       F      G
               +--------+--------+--------+--------+--------+-----+--------+
         Total |    348 |    348 |      0 |      0 |    177 |   3 |  116.0 |
         Abyss |    348 |    348 |      0 |      0 |    177 |   3 |  116.0 |
               +--------+--------+--------+--------+--------+-----+--------+

Top non-repeatable levels by time:
 Abyss:1: 160 daAuts
 Abyss:3: 139 daAuts
 Abyss:2: 47 daAuts
